 Dungeon Crawl Stone Soup version 0.24.1-1-gd1d2a07e1b (webtiles) character file.

Game seed: 13038577781124471341, levelgen mode: deterministic

56 guioppo the Ducker (level 3, -1/36 HPs)
             Began as a Troll Berserker on Apr 11, 2020.
             Was a Believer of Trog.
             Slain by Sigmund
             ... wielding a +2 scythe of venom
              (9 damage)
             ... on level 2 of the Dungeon.
             The game lasted 00:16:10 (1181 turns).

guioppo the Ducker (Troll Berserker)                Turns: 1181, Time: 00:16:10

Health: -1/36      AC:  6    Str: 25    XL:     3   Next: 69%
Magic:  2/2        EV: 10    Int:  3    God:    Trog [**....]
Gold:   70         SH:  0    Dex: 10    Spells: 2/2 levels left

rFire    . . .     SeeInvis .   a - +0 hand axe
rCold    . . .     Gourm    +   (no shield)
rNeg     . . .     Faith    .   b - +0 animal skin
rPois    .         Spirit   .   (helmet restricted)
rElec    .         Reflect  .   (no cloak)
rCorr    .         Harm     .   (gloves unavailable)
MR       .....                  (boots unavailable)
Stlth    +.........             C - amulet of inaccuracy (curse)
HPRegen  0.52/turn              (no ring)
MPRegen  0.08/turn              (no ring)

@: lethally poisoned (-1 -> -3)
A: large, unfitting armour, claws 3, fast metabolism 3, gourmand, regeneration
1, shaggy fur 1, tough skin 3
a: Berserk, Trog's Hand, Renounce Religion


You were on level 2 of the Dungeon.
You worshipped Trog.
Trog was pleased with you.
You were completely stuffed.

You visited 1 branch of the dungeon, and saw 2 of its levels.

You collected 70 gold pieces.

Inventory:

Hand Weapons
 a - a +0 hand axe (weapon)
 e - a +0 club
 h - a +0 dagger
 i - a +0 club
 n - a +0 club
 o - a +0 club
 s - a +0 dagger
 u - a +0 mace
 A - a +0 hunting sling
Missiles
 m - 60 sling bullets
 v - 28 stones (quivered)
Armour
 b - a +0 animal skin (worn)
 j - a +0 robe
 p - a +0 scale mail
 q - a +0 scale mail
 w - a +0 ring mail
 y - a cursed +0 leather armour
Jewellery
 C - a cursed amulet of inaccuracy (around neck)
Scrolls
 d - 2 scrolls of remove curse {unknown}
 f - a scroll of identify {unknown}
 g - a scroll of amnesia {unknown}
 k - a scroll of teleportation {unknown}
 l - a scroll of blinking {unknown}
 z - a scroll of enchant weapon {unknown}
Potions
 r - a potion of mutation {unknown}
 t - a potion of curing {unknown}
 B - a potion of brilliance {unknown}
Comestibles
 c - 4 rations
 x - 3 chunks of flesh


   Skills:
 + Level 2.8 Fighting
 + Level 3.0 Axes
 + Level 3.0 Dodging


You had 2 spell levels left.
You didn't know any spells.
Your spell library was empty.

Dungeon Overview and Level Annotations

Branches:
Dungeon (2/15)

Altars:
Zin

Annotations:
D:2 Sigmund


Innate Abilities, Weirdness & Mutations

You are too large for most types of armour.
You have claws for hands.
Your metabolism is lightning-fast.
You like to eat raw meat.
Your natural rate of healing is unusually fast.
You are covered in fur. (AC +1)
You have extremely tough skin. (AC +3)


Message History

You slash the rat!
You kill the rat!
Trog accepts your kill.
You hit the goblin but do no damage.
You feel sick.
The kobold throws a stone.
The stone completely misses you. Something hits you.
You are more poisoned.
The goblin closely misses you.
You feel sick. The kobold closely misses you.
You feel sick.
You hit the goblin.
You kill the goblin!
Trog accepts your kill.
You feel sick. Something hits you!
* * * LOW HITPOINT WARNING * * *
You hit the kobold.
You kill the kobold!
Trog accepts your kill.
You feel sick.
You feel sick. Something hits you!
You die...

#.# #..........#..............
#.# #......###......####......
#.# #......###......#....###..
#.###...............#.##.###..
#...............>...#.#...##..
##...##...#.##.........._.....
#......(##.#........##...#.#.
#...#.#....#.#......###.##.#.
#...........@###.#..# #....#.
#..<###......(..##......####.
#...#...###.†............ ...
#.....### ##..###...#>.......
#.##.## #.## ..###......
#....# #.........(.## #...
##..### #...........# #...#
#..?......#.. #####
#.........#


There were no monsters in sight!

Vanquished Creatures
  An adder (D:2)
  An ooze (D:1)
  A worm (D:2)
  2 dart slugs (D:1)
  2 leopard geckos (D:1)
  6 bats
  3 giant cockroaches
  5 goblins
  3 hobgoblins (D:1)
  2 jackals (D:2)
  A frilled lizard (D:1)
  5 kobolds
  2 rats
34 creatures vanquished.

Notes
Turn   | Place    | Note
-------+----------+-------------------------------------------
     0 | D:1      | guioppo the Troll Berserker began the quest for the Orb.
     0 | D:1      | Reached XP level 1. HP: 22/22 MP: 0/0
    91 | D:1      | Reached XP level 2. HP: 24/29 MP: 1/1
   343 | D:1      | Reached XP level 3. HP: 33/36 MP: 2/2
   926 | D:2      | Found a glowing silver altar of Zin.
   987 | D:2      | Reached ** piety under Trog
  1157 | D:2      | Noticed Sigmund
  1181 | D:2      | Slain by Sigmund

Levels and vault maps discovered:
D:1:      dpeg_arrival_tiny_h, layout_loops_ring
D:2:      layout_rooms, nicolae_overflow_crystal_walls, first_ration,
          st_stairs_4, uniq_sigmund, uniq_robin, uniq_terence

Skill      XL: |  1  2  3 |
---------------+----------+-----
Axes           | 3 |  3.0
Dodging        | 3 |  3.0
Fighting       | |  2.8

Action                   || total
-------------------------++-------
Melee: Hand axe          ||   124
 Stab: Sleeping          ||     1
  Eat: Chunk             ||    13
       Ration            ||     1
Armor: Animal skin       ||    66
Dodge: Dodged            ||    76
